[Event "Tatry Open 2018"]
[Site "Tatranska Lomnica"]
[Date "2018.10.02"]
[Round "4"]
[White "Macko, Michal"]
[Black "Olvecky, Jaroslav"]
[Result "1-0"]
[ECO "B24"]
[WhiteElo "2187"]
[BlackElo "1912"]
[Annotator "ChessBase"]
[PlyCount "93"]
[EventDate "2018.09.30"]
[EventType "swiss"]
[EventCountry "SVK"]
[SourceTitle "playchess.com"]
[Source "ChessBase"]
[SourceQuality "1"]
[TimeControl "40/5400+30:1800+30"]

1. e4 c5 2. Nc3 Nc6 3. Bb5 Nd4 4. Bc4 e6 5. Nge2 a6 6. Nxd4 cxd4 7. Ne2 b5 8. Bb3 Bc5 9. O-O Bb7 10. d3 Ne7 11. c3 dxc3 12. bxc3 Bb6 13. Be3 f5 14. Bd4 O-O 15. f3 Kh8 16. Qd2 Rc8 17. Qe3 Bxd4 18. Qxd4 Nc6 19. Qe3 Qc7 20. a4 b4 21. cxb4 Nxb4 22. a5 Qc5 23. Qxc5 Rxc5 24. Bc4 d5 25. Rab1 dxc4 26. Rxb4 cxd3 27. Nd4 Bc8 28. Nb3 Rc3 29. Rb1 fxe4 30. Rxe4 Bd7 31. Rd4 Bb5 32. Rd6 h6 33. Kf2 Rc2+ 34. Kg3 Bc4 35. Nd4 Ra2 36. Nc6 Bd5 37. Ne7 Re8 38. Ng6+ Kh7 39. Nf4 Rxa5 40. Nxd3 Bc4 41. Rb7 Rd5 42. Rxd5 exd5 43. Nc5 d4 44. Rb4 d3 45. Rxc4 Rc8 46. Kf2 a5 47. Rc3 1-0

[Event "Tatry Open 2018"]
[Site "Tatranska Lomnica"]
[Date "2018.10.02"]
[Round "4"]
[White "Kolesar, Milan"]
[Black "Hursky, Karel P"]
[Result "1-0"]
[ECO "E16"]
[WhiteElo "2133"]
[BlackElo "2051"]
[Annotator "ChessBase"]
[PlyCount "83"]
[EventDate "2018.09.30"]
[EventType "swiss"]
[EventCountry "SVK"]
[SourceTitle "playchess.com"]
[Source "ChessBase"]
[SourceQuality "1"]
[TimeControl "40/5400+30:1800+30"]

1. Nf3 e6 2. d4 Nf6 3. c4 b6 4. g3 Bb7 5. Bg2 Bb4+ 6. Bd2 Qe7 7. O-O Bxd2 8. Qxd2 O-O 9. Nc3 d6 10. Qc2 Nbd7 11. e4 e5 12. Rfe1 c6 13. Rad1 Rad8 14. b3 g6 15. Qd2 Kg7 16. h3 h6 17. Nh4 Nh5 18. Qe3 Rfe8 19. Nf3 Nf8 20. Rd2 f6 21. Red1 Bc8 22. Nh2 Kh7 23. Ng4 Bxg4 24. hxg4 Ng7 25. Bf3 exd4 26. Rxd4 Nfe6 27. R4d2 Ng5 28. Bg2 Nf7 29. f4 f5 30. gxf5 Nxf5 31. Qf2 Ng7 32. e5 Qc7 33. Ne4 Re6 34. Bh3 Nf5 35. g4 Ng7 36. Nf6+ Kh8 37. g5 h5 38. Bxe6 Nxe6 39. exd6 Rxd6 40. Rxd6 Nxd6 41. Qb2 Ng7 42. Qe5 1-0

[Event "Tatry Open 2018"]
[Site "Tatranska Lomnica"]
[Date "2018.10.02"]
[Round "4"]
[White "Gresova, Zuzana"]
[Black "Skreno, Vladimir"]
[Result "0-1"]
[ECO "B70"]
[WhiteElo "1901"]
[BlackElo "2160"]
[Annotator "ChessBase"]
[PlyCount "80"]
[EventDate "2018.09.30"]
[EventType "swiss"]
[EventCountry "SVK"]
[SourceTitle "playchess.com"]
[Source "ChessBase"]
[SourceQuality "1"]
[TimeControl "40/5400+30:1800+30"]

1. e4 c5 2. Nf3 d6 3. d4 cxd4 4. Nxd4 Nf6 5. Nc3 g6 6. Be2 Bg7 7. Nb3 Nc6 8. Bg5 Be6 9. O-O Nd7 10. Kh1 O-O 11. f4 f6 12. Bh4 Rc8 13. Rb1 Re8 14. Nd5 Nc5 15. Nxc5 dxc5 16. c3 Bf7 17. Qa4 e6 18. Ne3 Qd2 19. Qc2 Qxe3 20. Rf3 Nd4 21. cxd4 cxd4 22. Bc4 d3 23. Qxd3 Qxd3 24. Bxd3 e5 25. fxe5 Rxe5 26. Bxf6 Bxf6 27. Rxf6 Bxa2 28. Ra1 Bc4 29. Bxc4+ Rxc4 30. h3 Rb4 31. Rxa7 Rxb2 32. Rd6 Kf7 33. Rd4 Ke6 34. h4 Rh5 35. e5 Rxe5 36. Raa4 h5 37. Rab4 Rxb4 38. Rxb4 b5 39. Kg1 Kd6 40. Kf2 Kc5 0-1

[Event "Tatry Open 2018"]
[Site "Tatranska Lomnica"]
[Date "2018.10.03"]
[Round "5"]
[White "Stanko, Ivan"]
[Black "Franzen, Jozef"]
[Result "0-1"]
[ECO "B06"]
[WhiteElo "1881"]
[BlackElo "2254"]
[Annotator "RC"]
[PlyCount "102"]
[EventDate "2018.09.30"]
[EventType "swiss"]
[EventCountry "SVK"]
[SourceTitle "playchess.com"]
[Source "ChessBase"]
[SourceQuality "1"]
[TimeControl "40/5400+30:1800+30"]

1. e4 g6 2. d4 Bg7 3. Be3 d6 4. f3 c5 5. c3 Nd7 6. Bb5 Qc7 7. Ne2 a6 8. Bd3 b6 9. O-O Bb7 10. Nd2 e6 11. a4 Ngf6 12. Ng3 O-O 13. Re1 Kh8 14. Qe2 Ng8 15. f4 f5 16. Nf3 a5 17. Qd2 Ngf6 18. e5 Ng4 19. Ng5 Rae8 20. Bb5 h6 21. Nf3 Bxf3 22. gxf3 Nxe3 23. Qxe3 cxd4 24. cxd4 dxe5 25. dxe5 Rd8 26. Rac1 Qb7 27. Ne2 Nc5 28. Red1 Rxd1+ 29. Rxd1 Rc8 30. Kg2 Bf8 31. Nd4 Rd8 32. Qe1 Be7 33. Ne2 Rg8 34. h4 Kg7 35. Qc3 Kf7 36. Kh3 Qc7 37. Rd7 Qc8 38. Rd1 g5 39. Nd4 g4+ 40. Kh2 gxf3 41. Nxf3 Rg4 42. Qc4 Qg8 43. Rg1 Rxg1 44. Nxg1 Qg4 45. Qf1 Qxh4+ 46. Nh3 Ne4 47. Qf3 Bc5 48. Kg2 Qg4+ 49. Qxg4 fxg4 50. Ng1 Bxg1 51. Kxg1 Kg6 0-1

[Event "Tatry Open 2018"]
[Site "Tatranska Lomnica"]
[Date "2018.10.03"]
[Round "5"]
[White "Plug, Arjan"]
[Black "Parligras, Cosmin"]
[Result "0-1"]
[ECO "B12"]
[WhiteElo "1859"]
[BlackElo "2203"]
[Annotator "RC"]
[PlyCount "44"]
[EventDate "2018.09.30"]
[EventType "swiss"]
[EventCountry "SVK"]
[SourceTitle "playchess.com"]
[Source "ChessBase"]
[SourceQuality "1"]
[TimeControl "40/5400+30:1800+30"]

1. e4 c6 2. d4 g6 3. Nf3 Bg7 4. Be2 d6 5. O-O Nf6 6. Nc3 O-O 7. Be3 Qc7 8. Qd2 Re8 9. Bg5 Nbd7 10. Rfe1 e5 11. dxe5 dxe5 12. Bc4 Nf8 13. Rad1 Be6 14. Bxe6 Nxe6 15. h3 Rad8 16. Qe3 Nxg5 17. Qxg5 Nh5 18. Qe3 b6 19. g3 Bf8 20. Kg2 Bc5 21. Qh6 f6 22. Nh4 Nf4+ 0-1

[Event "Tatry Open 2018"]
[Site "Tatranska Lomnica"]
[Date "2018.10.03"]
[Round "5"]
[White "Recky, Norbert"]
[Black "Steiner, Bruno"]
[Result "0-1"]
[ECO "C77"]
[WhiteElo "1789"]
[BlackElo "2075"]
[Annotator "NA RC"]
[PlyCount "60"]
[EventDate "2018.09.30"]
[EventType "swiss"]
[EventCountry "SVK"]
[SourceTitle "playchess.com"]
[Source "ChessBase"]
[SourceQuality "1"]
[TimeControl "40/5400+30:1800+30"]

1. e4 e5 2. Nf3 Nc6 3. Bb5 a6 4. Ba4 Nf6 5. d3 b5 6. Bb3 Bc5 7. O-O d6 8. a4 Rb8 {[%emt 0:00:47] C78: Ruy Lopez: Archangelsk and Möller Defences} 9. h3 Ne7 10. Re1 O-O 11. Nbd2 Ng6 12. Nf1 Be6 $146 ({Predecessor:} 12... h6 13. Ne3 Be6 14. c3 Bxb3 15. Qxb3 {1-0 (46) Adams,M (2737)-Leko,P (2763) Miskolc 2005}) 13. d4 exd4 14. Nxd4 Bxd4 15. Qxd4 Nd7 16. Bd5 c5 17. Qd1 Bxd5 18. exd5 Qf6 19. axb5 axb5 20. Ra7 Nb6 21. b3 b4 22. Ne3 Rfe8 23. Qd2 h6 24. Rd1 Re4 25. Ng4 Qh4 26. Bb2 Rbe8 27. Ne3 $2 (27. Bf6 $1 $11 {und Weiss muss sich keine Sorgen machen.} Qh5 28. Rb7) 27... Nf4 28. Nf5 $2 (28. Kh2 c4 29. bxc4) 28... Qg5 29. Ng3 Nbxd5 30. Kh2 {[%emt 0:02:06] [#]} Re2 $19 0-1

[Event "Tatry Open 2018"]
[Site "Tatranska Lomnica"]
[Date "2018.10.03"]
[Round "5"]
[White "Aleksandravicius, Darius"]
[Black "Macko, Michal"]
[Result "0-1"]
[ECO "A06"]
[WhiteElo "1667"]
[BlackElo "2187"]
[Annotator "RC"]
[PlyCount "80"]
[EventDate "2018.09.30"]
[EventType "swiss"]
[EventCountry "SVK"]
[SourceTitle "playchess.com"]
[Source "ChessBase"]
[SourceQuality "1"]
[TimeControl "40/5400+30:1800+30"]

1. Nf3 d5 2. g3 Nf6 3. Bg2 e6 4. O-O Be7 5. d3 O-O 6. Bg5 h6 7. Bxf6 Bxf6 8. c3 c5 9. Nbd2 Nc6 10. e4 b5 11. Qe2 a5 12. e5 Be7 13. h4 Ba6 14. Nh2 b4 15. f4 Rb8 16. f5 exf5 17. Rxf5 Bc8 18. Rf2 bxc3 19. bxc3 Rb2 20. Qh5 Be6 21. Raf1 Rxa2 22. Ng4 Bxg4 23. Qxg4 Nxe5 24. Qf5 Qd6 25. d4 cxd4 26. cxd4 Nd7 27. Qxd5 Rc2 28. Rxf7 Rxf7 29. Qxf7+ Kh8 30. Qe8+ Bf8 31. Nb3 Nf6 32. Qa8 a4 33. Na5 a3 34. Nb7 Qxg3 35. Nd8 a2 36. Nf7+ Kg8 37. Ne5 a1=Q 38. Rxa1 Qf2+ 39. Kh1 Qxh4+ 40. Kg1 Qxd4+ 0-1

[Event "Tatry Open 2018"]
[Site "Tatranska Lomnica"]
[Date "2018.10.04"]
[Round "6"]
[White "Zatko, Gregor"]
[Black "Ruzicka, Milan"]
[Result "1-0"]
[ECO "D00"]
[WhiteElo "2194"]
[BlackElo "2037"]
[Annotator "RC"]
[PlyCount "119"]
[EventDate "2018.09.30"]
[EventType "swiss"]
[EventCountry "SVK"]
[SourceTitle "playchess.com"]
[Source "ChessBase"]
[SourceQuality "1"]
[TimeControl "40/5400+30:1800+30"]

1. d4 d5 2. Bf4 Nf6 3. e3 Bf5 4. c4 e6 5. Nc3 c6 6. Nf3 Nbd7 7. Qb3 Qc8 8. h3 Be7 9. Be2 O-O 10. O-O h6 11. Rac1 a6 12. Nd2 Re8 13. f3 dxc4 14. Nxc4 b5 15. Nd6 Bxd6 16. Bxd6 Qb7 17. e4 Bg6 18. e5 Nd5 19. Ne4 Rac8 20. g3 Red8 21. Rfd1 Re8 22. Bd3 Bxe4 23. fxe4 N5b6 24. Qc2 c5 25. dxc5 Nc4 26. Bxc4 bxc4 27. Qxc4 Qxb2 28. Rc2 Nxe5 29. Qe2 Qa3 30. Bxe5 Rxc5 31. Rxc5 Qxc5+ 32. Bd4 Qc6 33. Bf2 Rb8 34. Re1 a5 35. e5 Qc3 36. Qe3 Qc2 37. Re2 Rb1+ 38. Kh2 Qc6 39. Bg1 a4 40. Rd2 Rc1 41. Qd3 Rc3 42. Qe2 a3 43. Bd4 Rc1 44. Qg2 Qc4 45. Qf3 Qb4 46. Be3 Rb1 47. Rf2 Qe1 48. Rd2 Rb2 49. Qf2 Qb1 50. Bd4 Rb5 51. Bc5 Qe4 52. Bxa3 Rb1 53. Qg2 Qxe5 54. Rd8+ Kh7 55. Qc2+ Qf5 56. Qxf5+ exf5 57. Rd2 g5 58. Bb2 Re1 59. a4 Re4 60. Bd4 1-0

[Event "Tatry Open 2018"]
[Site "Tatranska Lomnica"]
[Date "2018.10.05"]
[Round "7"]
[White "Malik, Jan"]
[Black "Parligras, Cosmin"]
[Result "1/2-1/2"]
[ECO "B34"]
[WhiteElo "2300"]
[BlackElo "2203"]
[Annotator "NA"]
[PlyCount "37"]
[EventDate "2018.09.30"]
[EventType "swiss"]
[EventCountry "SVK"]
[SourceTitle "playchess.com"]
[Source "ChessBase"]
[SourceQuality "1"]
[TimeControl "40/5400+30:1800+30"]

1. e4 c5 2. Nf3 Nc6 3. d4 cxd4 4. Nxd4 Nf6 5. Nc3 e5 6. Ndb5 d6 {[%emt 0:00:12] LiveBook: 14991 Games} 7. a4 a6 8. Na3 Bg4 9. Be2 Bxe2 10. Qxe2 d5 11. exd5 Nxd5 12. Nxd5 $11 Qxd5 13. O-O Nd4 14. Qd3 Rd8 15. Be3 e4 16. Qc4 Bxa3 17. Qxd5 Rxd5 18. Bxd4 Rxd4 19. Rxa3 1/2-1/2

[Event "Tatry Open 2018"]
[Site "Tatranska Lomnica"]
[Date "2018.10.05"]
[Round "7"]
[White "Kostolansky, Sebastian Lukas"]
[Black "Berezjuk, Sergej"]
[Result "1/2-1/2"]
[ECO "C77"]
[WhiteElo "2209"]
[BlackElo "2427"]
[Annotator "RC"]
[PlyCount "185"]
[EventDate "2018.09.30"]
[EventType "swiss"]
[EventCountry "SVK"]
[SourceTitle "playchess.com"]
[Source "ChessBase"]
[SourceQuality "1"]
[TimeControl "40/5400+30:1800+30"]

1. e4 e5 2. Nf3 Nc6 3. Bb5 a6 4. Ba4 Nf6 5. d3 d6 6. c3 g6 7. O-O Bg7 8. Re1 O-O 9. Bg5 h6 10. Bh4 b5 11. Bc2 Bb7 12. Nbd2 Qe8 13. a4 Nh5 14. Nf1 f5 15. exf5 gxf5 16. d4 e4 17. N3d2 Na5 18. axb5 axb5 19. Ne3 d5 20. f3 Qg6 21. fxe4 dxe4 22. b4 Nc4 23. Rxa8 Bxa8 24. Ndxc4 bxc4 25. Nxc4 Kh8 26. Ne3 f4 27. Qg4 Qf7 28. Rf1 Rg8 29. Bb3 Qxb3 30. Qxh5 Qxc3 31. Nf5 Qc6 32. Ne7 Qe8 33. Ng6+ Kh7 34. Nxf4 Bxd4+ 35. Kh1 Qxh5 36. Nxh5 e3 37. Bg3 Re8 38. Nf6+ Bxf6 39. Rxf6 e2 40. Be1 Bd5 41. Kg1 Re7 42. Kf2 Bc4 43. Rf4 Bb5 44. g3 c6 45. Kf3 Rd7 46. Kf2 Kg6 47. h4 h5 48. Kf3 Ra7 49. Kf2 Re7 50. Kf3 Re6 51. Kf2 Bd3 52. Rf8 Bf5 53. Bc3 Bg4 54. Be1 Rd6 55. Bc3 Rd1 56. Rf6+ Kh7 57. Be1 Rc1 58. Rf8 Kg6 59. Rf4 Kg7 60. Re4 Kf6 61. Re3 Rd1 62. Rc3 Rd6 63. Rc5 Ke7 64. b5 Rf6+ 65. Ke3 cxb5 66. Rxb5 Rf1 67. Kd2 Ke6 68. Rg5 Rf8 69. Ke3 Rb8 70. Rc5 Kd6 71. Ra5 Rb1 72. Kf2 Rb3 73. Ra6+ Ke5 74. Ra5+ Ke4 75. Ra4+ Kd3 76. Ra8 Kc2 77. Rf8 Rd3 78. Rf4 Kd1 79. Bb4 Rb3 80. Be1 Rd3 81. Bb4 Rd5 82. Be1 Bf5 83. Ra4 Bd3 84. Ra1+ Kc2 85. Ra2+ Kb3 86. Ra5 Bb5 87. Ke3 Rf5 88. Ke4 Rc5 89. Kd4 Rf5 90. Ke4 Rc5 91. Kd4 Rc4+ 92. Ke3 Rc5 93. Kd4 1/2-1/2

[Event "Tatry Open 2018"]
[Site "Tatranska Lomnica"]
[Date "2018.10.05"]
[Round "7"]
[White "Mrvova, Alena"]
[Black "Paulovic, Martin"]
[Result "0-1"]
[ECO "B50"]
[WhiteElo "2200"]
[BlackElo "2052"]
[Annotator "ChessBase"]
[PlyCount "86"]
[EventDate "2018.09.30"]
[EventType "swiss"]
[EventCountry "SVK"]
[SourceTitle "playchess.com"]
[Source "ChessBase"]
[SourceQuality "1"]
[TimeControl "40/5400+30:1800+30"]

1. e4 c5 2. Nf3 d6 3. g3 Nf6 4. Qe2 Nc6 5. c3 e5 6. Bg2 Be7 7. O-O O-O 8. d3 h6 9. Na3 Re8 10. Nc4 Bf8 11. Ne3 Be6 12. Nd2 d5 13. f4 d4 14. Nc2 exf4 15. gxf4 Bg4 16. Bf3 Bh3 17. Rf2 Nd5 18. Nc4 dxc3 19. bxc3 Nxc3 20. Qd2 Nb5 21. Bg2 Bxg2 22. Rxg2 Nbd4 23. Ne1 Qh4 24. Qd1 Rad8 25. Bd2 b5 26. Ne3 c4 27. Nd5 Rd6 28. Nc7 Rc8 29. Nd5 Re8 30. Nc7 Rc8 31. Nd5 f5 32. Ne3 fxe4 33. dxc4 Nf3+ 34. Nxf3 exf3 35. Qxf3 Nd4 36. Qb7 Re8 37. Ng4 Ne2+ 38. Kh1 Rxd2 39. Qxb5 Red8 40. Qb3 R8d3 41. Qa4 Nc3 42. Nxh6+ Qxh6 43. Qxa7 Rxg2 0-1

[Event "Tatry Open 2018"]
[Site "Tatranska Lomnica"]
[Date "2018.10.05"]
[Round "7"]
[White "Sosovicka, Jakub"]
[Black "Mrva, Martin"]
[Result "0-1"]
[ECO "B00"]
[WhiteElo "2140"]
[BlackElo "2430"]
[Annotator "RC"]
[PlyCount "64"]
[EventDate "2018.09.30"]
[EventType "swiss"]
[EventCountry "SVK"]
[SourceTitle "playchess.com"]
[Source "ChessBase"]
[SourceQuality "1"]
[TimeControl "40/5400+30:1800+30"]

1. e4 d6 2. d4 a6 3. f4 c5 4. Nf3 cxd4 5. Nxd4 e5 6. Nf3 Nf6 7. Nc3 Nbd7 8. a4 Be7 9. Bc4 O-O 10. O-O b6 11. Nd5 Bb7 12. Nxf6+ Nxf6 13. fxe5 Nxe4 14. Bd5 Qc7 15. Be3 Rad8 16. e6 fxe6 17. Bxe6+ Kh8 18. Qd4 d5 19. Qe5 Bd6 20. Qh5 Bc5 21. Ne5 Bxe3+ 22. Kh1 Rf6 23. Nf7+ Rxf7 24. Rxf7 Qc6 25. Raf1 Qxe6 26. Rf8+ Qg8 27. Rxg8+ Rxg8 28. Rf3 Bc5 29. h3 a5 30. Qf7 Ba8 31. Rf4 Bd6 32. Rh4 Rf8 0-1

[Event "Tatry Open 2018"]
[Site "Tatranska Lomnica"]
[Date "2018.10.05"]
[Round "7"]
[White "Hronik, Petr"]
[Black "Havelka, Ondrej"]
[Result "0-1"]
[ECO "D00"]
[WhiteElo "1899"]
[BlackElo "2150"]
[Annotator "NA RC"]
[PlyCount "52"]
[EventDate "2018.09.30"]
[EventType "swiss"]
[EventCountry "SVK"]
[SourceTitle "playchess.com"]
[Source "ChessBase"]
[SourceQuality "1"]
[TimeControl "40/5400+30:1800+30"]

1. d4 d5 2. Bf4 Nf6 3. e3 c5 4. c3 Nc6 5. Nf3 Qb6 6. Qb3 c4 7. Qxb6 axb6 8. Nbd2 b5 9. a3 Bf5 10. Rc1 h6 11. Be2 e6 12. Bd1 Nd7 13. Bc2 Bxc2 14. Rxc2 b4 15. O-O b3 16. Rcc1 g5 17. Bg3 f5 18. Ne5 Ncxe5 19. dxe5 Nc5 20. Nf3 Kf7 21. Ne1 Na4 22. Rb1 Bxa3 23. bxa3 Nxc3 24. Rb2 Rxa3 25. Nf3 b5 26. Nd4 Rha8 0-1

[Event "Tatry Open 2018"]
[Site "Tatranska Lomnica"]
[Date "2018.10.06"]
[Round "8"]
[White "Jablonicky, Martin"]
[Black "Chlpik, Martin"]
[Result "1-0"]
[ECO "A67"]
[WhiteElo "2346"]
[BlackElo "2119"]
[Annotator "NA"]
[PlyCount "51"]
[EventDate "2018.09.30"]
[EventType "swiss"]
[EventCountry "SVK"]
[SourceTitle "playchess.com"]
[Source "ChessBase"]
[SourceQuality "1"]
[TimeControl "40/5400+30:1800+30"]

1. d4 Nf6 2. c4 c5 3. d5 e6 4. Nc3 exd5 5. cxd5 d6 6. e4 g6 7. f4 Bg7 8. Bb5+ Nfd7 9. Be2 O-O 10. Nf3 Na6 11. O-O Nc7 12. f5 {[%emt 0:02:26] A67: Modern Benoni: Taimanov Variation} (12. a4 a6 13. Kh1 Rb8 14. f5 b5 15. Bg5 Qe8 16. e5 Nxe5 17. f6 Bh8 18. Qd2 Ng4 19. axb5 axb5 20. Bd3 Nxf6 {0-1 (44) Ivanisevic,I (2662)-Donchenko,A (2567) Biel 2015}) 12... Rb8 $146 ({Predecessor:} 12... gxf5 13. exf5 Ne5 14. Ng5 f6 15. Ne6 Bxe6 16. fxe6 f5 17. Bd3 Ng4 18. Bxf5 Bd4+ 19. Kh1 Qh4 20. Bxg4 Rxf1+ 21. Qxf1 Qxg4 {1-0 (28) Tikkanen,H (2437)-Hedman,E (2363) Vaxjo 2008}) 13. Bf4 Qe7 14. Qe1 b5 15. Qg3 Rb6 16. a4 Bxc3 17. bxc3 Qxe4 18. Bxd6 Nxd5 19. Bxf8 Nxc3 20. Bxb5 $18 Rxb5 21. Rae1 Ne2+ 22. Rxe2 Qxe2 23. Bh6 Qxf1+ 24. Kxf1 Rb1+ 25. Ne1 Nf6 26. Qd3 1-0

[Event "Tatry Open 2018"]
[Site "Tatranska Lomnica"]
[Date "2018.10.06"]
[Round "8"]
[White "Parligras, Cosmin"]
[Black "Zylka, Stanislaw"]
[Result "1/2-1/2"]
[ECO "B22"]
[WhiteElo "2203"]
[BlackElo "2327"]
[Annotator "NA"]
[PlyCount "46"]
[EventDate "2018.09.30"]
[EventType "swiss"]
[EventCountry "SVK"]
[SourceTitle "playchess.com"]
[Source "ChessBase"]
[SourceQuality "1"]
[TimeControl "40/5400+30:1800+30"]

1. e4 c5 2. c3 d5 3. exd5 Qxd5 4. d4 Nf6 5. Nf3 e6 6. Na3 Nc6 7. Nb5 Qd8 8. dxc5 Bxc5 9. Qxd8+ Kxd8 10. Bf4 Nd5 11. Rd1 {[%emt 0:01:06] B22: Sizilianisch (Alapin 2.c3)} (11. Bg3 Ke7 12. Bc4 a6 13. Nbd4 Nxd4 14. Nxd4 Bxd4 15. cxd4 Bd7 16. Bxd5 exd5 17. Kd2 Rac8 18. Rac1 Rxc1 19. Rxc1 {½-½ (30) Ni,H (2637)-Nguyen,N (2662) Ho Chi Minh City 2012}) 11... Ke7 12. Bg3 a6 13. Nbd4 Nxd4 14. Nxd4 Rd8 15. Be2 Nb6 $146 ({Vorgänger:} 15... a5) 16. Nb3 Rxd1+ 17. Kxd1 Bd6 18. Bxd6+ Kxd6 19. Kc1 $11 Kc7 20. Nc5 Bd7 21. Nxd7 Nxd7 22. Rd1 Ne5 23. Kc2 Rd8 1/2-1/2

[Event "Tatry Open 2018"]
[Site "Tatranska Lomnica"]
[Date "2018.10.06"]
[Round "8"]
[White "Zatko, Gregor"]
[Black "Malik, Jan"]
[Result "0-1"]
[ECO "D00"]
[WhiteElo "2194"]
[BlackElo "2300"]
[Annotator "NA RC"]
[PlyCount "72"]
[EventDate "2018.09.30"]
[EventType "swiss"]
[EventCountry "SVK"]
[SourceTitle "playchess.com"]
[Source "ChessBase"]
[SourceQuality "1"]
[TimeControl "40/5400+30:1800+30"]

1. d4 d5 2. Bf4 Nf6 3. e3 c5 4. c3 Nc6 5. Nd2 Bg4 6. f3 Bf5 7. g4 Bg6 8. h4 h6 9. Qb3 Qb6 10. dxc5 Qxb3 11. Nxb3 e5 12. Bg3 a5 13. Bb5 a4 14. Nd2 Bxc5 15. Bxe5 Bxe3 16. Ke2 Bc5 17. b4 axb3 18. Nxb3 Ba3 19. Re1 O-O $17 20. Bxf6 gxf6 21. Kf2 Bb2 22. a4 Bxc3 23. Rc1 Bb2 24. Re1 Ne5 25. Kg3 Rfc8 26. Ne2 Nd3 27. Rd1 Be5+ 28. Kg2 Rc2 29. Kf1 Nb2 30. Rd2 Nc4 31. Rxc2 Bxc2 32. Nc5 b6 33. Nd7 Bxa4 34. Bxc4 Bxd7 35. Bxd5 Ra5 36. Be4 Bb5 0-1

[Event "Tatry Open 2018"]
[Site "Tatranska Lomnica"]
[Date "2018.10.06"]
[Round "8"]
[White "Steiner, Bruno"]
[Black "Lys, Josef"]
[Result "1-0"]
[ECO "A04"]
[WhiteElo "2075"]
[BlackElo "2086"]
[Annotator "NA RC"]
[PlyCount "145"]
[EventDate "2018.09.30"]
[EventType "swiss"]
[EventCountry "SVK"]
[SourceTitle "playchess.com"]
[Source "ChessBase"]
[SourceQuality "1"]
[TimeControl "40/5400+30:1800+30"]

1. Nf3 c5 2. e3 g6 3. d4 Bg7 4. dxc5 Qa5+ 5. Nbd2 Nf6 6. a3 {[%emt 0:01:52] A48: 1 d4 Nf6 2 Nf3 g6: Torre, London and Colle Systems} Nc6 (6... Qxc5 7. b4 Qc7 8. Bb2 O-O 9. c4 b6 10. Be2 Bb7 11. O-O d6 12. Qb3 Nbd7 13. h3 Rac8 14. Rfd1 Rfd8 15. Rac1 Qb8 16. Qa2 e5 17. a4 h6 18. a5 Nf8 19. axb6 axb6 20. Ra1 {½-½ (57) Mirzoev,A (2510)-Perez Candelario,M (2611) Linares 2018}) 7. Rb1 Qxc5 8. b4 Qb6 9. c4 d6 $146 ({Predecessor:} 9... O-O 10. Be2 d5 11. O-O Bf5 12. Rb3 Rfd8 13. c5 Qc7 {0-1 (51) Sevastianov,V-Kazantsev,V Samara 2001}) 10. Bd3 a5 11. O-O axb4 12. axb4 O-O 13. Bb2 Be6 14. Nd4 Bg4 15. Be2 Bxe2 16. Qxe2 Ra2 17. Qd3 Rfa8 18. Qb3 Nd7 19. Nc2 Qa7 20. Bxg7 Kxg7 21. Rb2 f6 22. Rxa2 Qxa2 23. Qc3 Qa7 24. Ra1 Qb8 25. h3 Ra7 26. g3 Qa8 27. Rxa7 Qxa7 28. Qb3 Nce5 29. Kg2 Qb6 30. Nd4 Nf8 31. Qc3 Qa6 32. f4 Nc6 33. Nc2 Nd7 34. Qb3 Qb6 35. Kf2 Ndb8 36. Ne4 Na6 37. b5 Nd8 38. Qa3 Nc7 39. Nd4 Nde6 40. Nxe6+ Nxe6 41. Qa2 h6 42. h4 f5 43. Nc3 Nc5 44. Kf3 Qc7 45. Qa1 Kh7 46. Nd5 Qd7 47. Qd4 Qe6 48. Nc3 Kg8 49. Qd5 Kf7 50. e4 h5 51. e5 Qxd5+ 52. cxd5 dxe5 53. fxe5 Nd3 54. e6+ Kf6 55. Ke3 Nc5 56. Kf4 Nd3+ 57. Ke3 Nb2 58. Kd4 b6 59. Nb1 Na4 60. Nd2 Nc5 61. Nc4 Na4 62. Ne5 Kg7 63. Nd7 Kg8 64. Ke5 Nc3 65. d6 exd6+ 66. Kf6 Nd5+ 67. Kxg6 f4 68. gxf4 Nxf4+ 69. Kf5 Nd5 70. Nf6+ Nxf6 71. Kxf6 Kf8 72. e7+ Ke8 73. Ke6 1-0

[Event "Tatry Open 2018"]
[Site "Tatranska Lomnica"]
[Date "2018.10.07"]
[Round "9"]
[White "Vojta, Tomas"]
[Black "Weber, Samuel"]
[Result "1/2-1/2"]
[ECO "A45"]
[WhiteElo "2354"]
[BlackElo "2141"]
[Annotator "NA"]
[PlyCount "153"]
[EventDate "2018.09.30"]
[EventType "swiss"]
[EventCountry "SVK"]
[SourceTitle "playchess.com"]
[Source "ChessBase"]
[SourceQuality "1"]
[TimeControl "40/5400+30:1800+30"]

1. d4 Nf6 2. Bf4 d5 3. e3 e6 4. Nd2 Bd6 5. Bg3 O-O 6. Bd3 b6 7. Ngf3 Bb7 {[%emt 0:01:40] D02: 1 d4 d5 2 Nf3 sidelines, including 2...Nf6 3 g3 and 2...Nf6 3 Bf4} 8. c3 {[%emt 0:03:28] LiveBook: 31 Games} Ne4 9. Bxd6 (9. Qc2 f5 10. Bxd6 cxd6 11. O-O Nd7 12. c4 Ndf6 13. cxd5 Bxd5 14. Rac1 Qe8 {½-½ (57) Le,Q (2739)-Anand,V (2783) Saint Louis 2017}) 9... cxd6 10. c4 f5 11. Rc1 $146 ({Predecessor:} 11. cxd5 Bxd5 12. Bc4 Bxc4 13. Nxc4 Nd7 {½-½ (13) Nyzhnyk,I (2598)-Swiercz,D (2657) Las Vegas 2018}) 11... Nd7 12. O-O Ndf6 13. cxd5 exd5 14. Nb1 Qd7 15. Nfd2 Rac8 16. Rxc8 Rxc8 17. f3 Nxd2 18. Qxd2 g6 19. Rc1 Rxc1+ 20. Qxc1 Qc8 21. Qxc8+ Bxc8 22. Nc3 a6 23. b4 Bb7 24. Bc2 Kf8 25. Kf2 Ne8 26. h3 Ke7 27. Na4 b5 28. Nc3 Nc7 29. Bb3 Kf6 30. g4 Bc6 31. Kg3 Bb7 32. gxf5 gxf5 (32... Kxf5 $14 33. h4 Bc6) 33. Kh4 Kg6 34. Ne2 Ne6 35. Kg3 Kg5 36. h4+ Kf6 37. Nf4 (37. a4 $16) 37... Nc7 38. Ne2 (38. Kg2 $16) 38... Ne6 39. Nc3 Nc7 ({Better is} 39... f4+ $1 $14 40. Kf2 (40. exf4 Nxd4 41. Nxd5+ Bxd5 $11) 40... fxe3+ 41. Kxe3 Nc7) 40. a4 Ba8 41. a5 Bb7 42. Ne2 Ne6 43. Bc2 Bc6 44. Nf4 Nc7 45. Kf2 Bb7 46. Nh5+ Kg6 {[%emt 0:00:49] [#]} 47. Ng3 $1 Bc8 48. e4 (48. Bd3 $16) 48... fxe4 49. fxe4 Kf6 50. Ke3 h6 51. Bb3 (51. Nh5+ $16 Ke7 52. e5) 51... Be6 {[%emt 0:00:59] [#]} 52. Nh5+ $1 Kf7 53. Nf4 Kf6 (53... dxe4 {keeps fighting.} 54. Nxe6 Nxe6) 54. Nxe6 $18 Kxe6 55. Kf4 Kf6 56. exd5 Kg6 57. Bc2+ Kf6 58. Be4 Ne8 59. Bh7 Nc7 60. Ke4 Ne8 61. Bf5 Nc7 62. Bc8 Kg6 63. Kf3 h5 64. Ke4 Kf6 65. Bb7 Kg6 66. Bc6 Kf6 67. Bd7 Kg6 68. Bh3 Kf6 69. Bf1 Kg6 70. Be2 Ne8 71. Kf4 Nc7 72. Bf3 Ne8 73. Be4+ Kf6 74. Bf5 Nc7 75. Ke4 Ne8 76. Bc8 Nc7 77. Bb7 {Ke5+} 1/2-1/2

[Event "Tatry Open 2018"]
[Site "Tatranska Lomnica"]
[Date "2018.10.07"]
[Round "9"]
[White "Vyskocil, Neklan"]
[Black "Parligras, Cosmin"]
[Result "1/2-1/2"]
[ECO "A06"]
[WhiteElo "2315"]
[BlackElo "2203"]
[Annotator "ChessBase"]
[PlyCount "71"]
[EventDate "2018.09.30"]
[EventType "swiss"]
[EventCountry "SVK"]
[SourceTitle "playchess.com"]
[Source "ChessBase"]
[SourceQuality "1"]
[TimeControl "40/5400+30:1800+30"]

1. Nf3 d5 2. g3 Bg4 3. Bg2 c6 4. b3 Bxf3 5. exf3 Nf6 6. f4 e6 7. O-O Be7 8. d4 O-O 9. c4 Nbd7 10. Nd2 c5 11. Bb2 Rc8 12. Qe2 Re8 13. Rfd1 Qb6 14. Qd3 cxd4 15. cxd5 exd5 16. Bxd4 Bc5 17. Nf3 Bxd4 18. Nxd4 Nc5 19. Qb5 Nce4 20. Qxb6 axb6 21. Re1 Kf8 22. h3 Nc3 23. a4 Rxe1+ 24. Rxe1 Nfe4 25. Bf3 g6 26. Kg2 Rc5 27. g4 Nd2 28. f5 b5 29. fxg6 hxg6 30. axb5 Nxb5 31. Rd1 Nxd4 32. Rxd2 Nxf3 33. Kxf3 Rc3+ 34. Kg2 Rxb3 35. Rxd5 b5 36. h4 1/2-1/2